 Dungeon Crawl Stone Soup version 0.28.0-53-g5a82cb258f (webtiles) character file.

Game seed: 17206728488425974501

6900 ubbe the Fighter (level 10, -4/91 HPs)
             Began as a Minotaur Fighter on Aug 9, 2022.
             Was an Elder of Okawaru.
             Slain by a skeletal warrior
             ... wielding a +0 trident
             ... led by a skeletal warrior
              (8 damage)
             ... on level 11 of the Dungeon on Aug 10, 2022.
             The game lasted 00:34:54 (10399 turns).

ubbe the Fighter (Minotaur Fighter)                Turns: 10399, Time: 00:34:54

Health: -4/91      AC: 21    Str: 28      XL:     10   Next: 79%
Magic:  10/10      EV:  9    Int:  4 (5)  God:    Okawaru [****..]
Gold:   344        SH: 16    Dex: 13      Spells: 9/9 levels left

rFire   . . .      SeeInvis .   a - +7 war axe (vorpal)
rCold   . . .      Faith    .   o - +0 kite shield
rNeg    . . .      Spirit   .   x - +0 plate armour
rPois   .          Reflect  +   (helmet restricted)
rElec   .          Harm     .   q - +2 cloak
rCorr   .          Rampage  .   (no gloves)
Will    .....                   (no boots)
Stlth   ..........              r - amulet of reflection
HPRegen 0.25/turn               g - +4 ring of protection
MPRegen 0.12/turn               k - +6 ring of strength

@: no status effects
A: horns 2, retaliatory headbutt
a: Renounce Religion, Heroism, Finesse


You were on level 11 of the Dungeon.
You worshipped Okawaru.
Okawaru was greatly pleased with you.
You visited 2 branches of the dungeon, and saw 12 of its levels.

You collected 513 gold pieces.
You spent 169 gold pieces at shops.

Inventory:

Hand Weapons
 a - a +7 vorpal war axe (weapon)
Armour
 o - a +0 kite shield (worn)
 q - a +2 cloak (worn)
 x - a +0 plate armour (worn)
Jewellery
 e - a ring of ice
 g - a +4 ring of protection (left hand)
 k - a +6 ring of strength (right hand)
 l - a ring of fire
 m - a +6 ring of strength
 r - an amulet of reflection (around neck)
 s - a ring of see invisible
Scrolls
 c - 6 scrolls of teleportation
 j - a scroll of fear
 p - a scroll of silence
 u - a scroll of amnesia
 v - a scroll of identify
Potions
 d - a potion of might
 f - a potion of haste
 i - a potion of magic
 n - a potion of heal wounds
 t - 2 potions of brilliance
 w - a potion of invisibility
 z - a potion of curing
Miscellaneous
 b - a condenser vane (inert) (quivered)


   Skills:
 + Level 9.6 Fighting
 + Level 9.2 Axes
 + Level 9.5 Armour
 + Level 7.9 Dodging
 + Level 9.5 Shields
 + Level 2.4 Invocations


You had 9 spell levels left.
You didn't know any spells.
Your spell library contained the following spells:

 Spells                   Type           Power      Damage    Failure   Level
 Magic Dart               Conj           0%         1d3       100%        1
 Sting                    Tmut/Pois      0%         1d3       100%        1
 Poisonous Vapours        Pois/Air       0%         N/A       100%        2
 Searing Ray              Conj           0%         2d4       100%        2
 Anguish                  Hex/Necr       0%         N/A       100%        4
 Fulminant Prism          Conj/Hex       0%         3d6       100%        4
 Olgreb's Toxic Radiance  Pois           0%         N/A       100%        4
 Passage of Golubria      Tloc           0%         N/A       100%        4
 Alistair's Intoxication  Tmut/Pois      0%         N/A       100%        5
 Borgnjor's Vile Clutch   Necr/Erth      0%         N/A       100%        5
 Yara's Violent Unravell  Hex/Tmut       0%         3d3       100%        5
 Eringya's Noxious Bog    Tmut/Pois      0%         N/A       100%        6
 Enfeeble                 Hex            0%         N/A       100%        7
 Storm Form               Tmut/Air       0%         N/A       100%        7
 Maxwell's Capacitive Co  Air            0%         ∞         100%        8
 Tukima's Dance           Hex            Unusable   N/A       N/A         3
 Summon Lightning Spire   Summ/Air       Unusable   N/A       N/A         4

Dungeon Overview and Level Annotations

Branches:
Dungeon (11/15)            Temple (1/1) D:4            Lair (0/6) D:8
    Orc: D:9-12

Altars:
Ashenzari
Cheibriados
Dithmenos
Elyvilon
Fedhas
Hepliaklqana
Kikubaaqudgha
Makhleb
Nemelex Xobeh
Okawaru
Qazlal
Ru
Sif Muna
Trog
Uskayaw
Vehumet
Wu Jian
Xom
Yredelemnul
The Shining One

Shops:
D:9 (   D:10 (


Innate Abilities, Weirdness & Mutations

You have a pair of horns on your head.
You reflexively headbutt those who attack you in melee.


Message History

You block the slime creature's attack.
A skeletal warrior comes into view. It is wielding a +0 mace.
Blink to where?
Press: ? - help, Dir - move target
As you read the scroll of blinking, it crumbles to dust.
A wraith is nearby!
A wraith is nearby!
You feel like a meek peon again.
You block the skeletal warrior's attack.
Found a stone staircase leading up.
Blink to where?
Press: ? - help, Dir - move target
As you read the scroll of blinking, it crumbles to dust.
Two slime creatures merge to form a large slime creature.
A large slime creature splits.
The skeletal warrior hits you with a +0 mace!
* * * LOW HITPOINT WARNING * * *
Two slime creatures merge to form a large slime creature.
You block the wraith's attack.
You block the skeletal warrior's attack.
A large slime creature splits.
The skeletal warrior hits you but does no damage.
You block the wraith's attack.
There are monsters nearby!
As you read the scroll of fear, it crumbles to dust.
You assume a fearsome visage.
The wraith is unaffected.
The skeletal warrior is unaffected. x4
You block the skeletal warrior's attack.
The skeletal warrior completely misses you.
The wraith hits you but does no damage.
The skeletal warrior hits you from afar with a +0 trident!
* * * LOW HITPOINT WARNING * * *
The skeletal warrior barely misses you.
You block the skeletal warrior's attack.
The wraith closely misses you. You furiously retaliate!
You headbutt the wraith!
The skeletal warrior hits you with a +0 trident.
* * * LOW HITPOINT WARNING * * *
The skeletal warrior hits you from afar with a +0 trident!
You die...

#.##.##..# #......##..
#.##.##..#####......##..
#.##.##.........##..##..
#.##.##.........##..##..
#....##...).)...##..##..
#<...##.........##..##..
####.##z........##..##..
#.##.W.......##......
#.##@z.......##..##..
#....z[......##..##..
#.).z........##z.##..
#.###z...........##..
#.# #J.......##..##..
#.# #........ #>.##..
#.# #......(. #..##..
#.# #..J..... #.. #..
#....# #........ #..##z.


You could see 5 skeletal warriors, 2 slime creatures and a wraith.

Vanquished Creatures
  A two-headed ogre (D:9)
  2 slime creatures (D:11)
  Maggie (D:7)
  A troll (D:10)
  Sigmund (D:3)
  2 wraiths
  5 yaks (D:8)
  Eustachio (D:6)
  2 vampire mosquitoes (D:10)
  A steam dragon (D:10)
  A water moccasin (D:5)
  An acid dragon (D:9)
  2 orc warriors
  An ice beast (D:4)
  A sky beast (D:7)
  2 black bears
  Pargi (D:3)
  2 centaurs
  3 ogres
  A phantom (D:5)
  2 bullfrogs
  A gnoll sergeant (D:10)
  3 scorpions
  A water moccasin skeleton (D:6)
  8 killer bees
  5 wights (D:7)
  A howler monkey (D:10)
  A centaur skeleton (D:7)
  3 centaur zombies
  6 orc priests
  2 gnoll shamans
  Crazy Yiuf (D:3)
  5 jellies
  An iguana (D:4)
  9 orc wizards
  Natasha (thrice) (D:2)
  A hound skeleton (D:4)
  2 howler monkey skeletons (D:7)
  16 gnolls
  7 adders
  A shadow imp (D:7)
  An ufetubus (D:4)
  2 worms
  25 orcs
  10 bats
  2 endoplasms
  2 giant cockroaches
  4 goblins
  7 hobgoblins
  8 quokkas
  5 ball pythons
  9 frilled lizards
  8 kobolds
  9 rats
203 creatures vanquished.

Notes
Turn   | Place    | Note
-------+----------+-------------------------------------------
     0 | D:1      | ubbe the Minotaur Fighter began the quest for the Orb.
     0 | D:1      | Reached XP level 1. HP: 19/19 MP: 0/0
   140 | D:1      | Reached XP level 2. HP: 27/27 MP: 1/1
   615 | D:1      | Found a faded altar of an unknown god.
   727 | D:1      | Reached skill level 1 in Dodging
   841 | D:2      | Reached XP level 3. HP: 33/33 MP: 2/2
   940 | D:2      | Noticed Natasha
   944 | D:2      | Killed Natasha
   961 | D:2      | Noticed Natasha
   970 | D:2      | Killed Natasha
   971 | D:2      | Reached XP level 4. HP: 8/40 MP: 3/3
  1181 | D:2      | Noticed Natasha
  1189 | D:2      | Killed Natasha
  1782 | D:2      | Reached XP level 5. HP: 44/47 MP: 4/4
  2170 | D:3      | Noticed Pargi
  2186 | D:3      | Killed Pargi
  2446 | D:3      | Reached XP level 6. HP: 50/55 MP: 5/5
  2561 | D:3      | Noticed Sigmund
  2569 | D:3      | Killed Sigmund
  2570 | D:3      | Reached skill level 5 in Fighting
  2570 | D:3      | Reached skill level 5 in Armour
  2570 | D:3      | Reached skill level 5 in Shields
  3017 | D:3      | Found a runed translucent door.
  3018 | D:3      | Noticed Crazy Yiuf
  3023 | D:3      | Killed Crazy Yiuf
  3281 | D:4      | Reached XP level 7. HP: 56/61 MP: 6/6
  3303 | D:4      | Found a staircase to the Ecumenical Temple.
  3312 | Temple   | Entered the Ecumenical Temple
  3337 | Temple   | Became a worshipper of Warmaster Okawaru
  3743 | D:4      | Reached skill level 5 in Axes
  3872 | D:4      | Found an ancient bone altar of Kikubaaqudgha.
  3931 | D:5      | Entered Level 5 of the Dungeon
  3963 | D:5      | Reached * piety under Okawaru
  3966 | D:5      | Reached XP level 8. HP: 59/70 MP: 7/7
  4108 | D:5      | Found a broken altar of Ashenzari.
  4647 | D:5      | Reached ** piety under Okawaru
  4648 | D:5      | Reached skill level 5 in Dodging
  4763 | D:5      | Found a basalt altar of Yredelemnul.
  5022 | D:6      | Noticed Eustachio
  5103 | D:6      | Killed Eustachio
  5565 | D:6      | Reached XP level 9. HP: 79/79 MP: 8/8
  6138 | D:7      | Noticed Maggie
  6155 | D:7      | Killed Maggie
  6756 | D:8      | Reached *** piety under Okawaru
  6782 | D:8      | Reached **** piety under Okawaru
  6783 | D:8      | Reached XP level 10. HP: 19/90 MP: 9/9
  7495 | D:8      | Found a staircase to the Lair.
  7629 | D:8      | Found a stormy altar of Qazlal.
  7674 | D:8      | Found a shimmering blue altar of Sif Muna.
  7913 | D:9      | Found a glowing golden altar of the Shining One.
  8033 | D:9      | Noticed a two-headed ogre
  8044 | D:9      | Killed a two-headed ogre
  8263 | D:9      | Found a white marble altar of Elyvilon.
  8395 | D:9      | Found Maamav's Antique Weapon Shop.
  8403 | D:9      | Bought a glowing war axe for 169 gold pieces
  8598 | D:9      | Found a hazy altar of Hepliaklqana.
  8598 | D:9      | Found a shadowy altar of Dithmenos.
  8611 | D:10     | Entered Level 10 of the Dungeon
  8690 | D:10     | Found Huthreso's Weapon Shoppe.
  8708 | D:10     | Received a gift from Okawaru
  8729 | D:10     | Reached skill level 1 in Invocations
 10298 | D:11     | Noticed a skeletal warrior
 10299 | D:11     | Noticed a skeletal warrior
 10300 | D:11     | Noticed a skeletal warrior
 10313 | D:11     | Noticed a skeletal warrior
 10321 | D:11     | Noticed a skeletal warrior
 10399 | D:11     | HP: 4/91 [skeletal warrior/+0 trident[a skeletal warrior]
                  | (4)]
 10399 | D:11     | Slain by a skeletal warrior

Illustrated notes

Levels and vault maps discovered:
D:1:      shiori_shiawase, layout_basic,
          dreamdust_ecumenical_altar_angels_and_demons, minmay_circled_x
D:2:      minmay_diamond_boxcup, layout_loops_cross, minmay_lizard_pond,
          uniq_natasha
D:3:      layout_basic, minmay_fountain_box, kennysheep_another_room,
          uniq_pargi, uniq_sigmund, uniq_crazy_yiuf_cottage
D:4:      layout_gridville, mainiacjoe_overflow_alcove_2,
          minmay_temple_entry_ruins, kennysheep_crisscross
D:5:      layout_loops_ring, mainiacjoe_overflow_paths,
          nicolae_ashenzari_skybound
D:6:      layout_cave_pods, uniq_eustachio
D:7:      layout_loops_ring, uniq_maggie
D:8:      layout_basic, nicolae_qazlal_general_emergency,
          mainiacjoe_overflow_brackets, lair_entry_dummy
D:9:      layout_loops_ring, nicolae_overflow_hidden_temple,
          mainiacjoe_overflow_small_starburst, serial_glass, glass_columns_c,
          glass_columns_a, glass_columns_c, glass_columns_b, glass_columns_a,
          glass_columns_a, serial_shops, shop, minmay_misc_feat_five
D:10:     layout_layer_cave, nicolae_inconvenience_store
D:11:     layout_long_grid, orc_david_3, minmay_misc_feat_rows
Temple:   cyrus_circular_temple

Skill      XL: |  1  2  3  4  5  6  7  8  9 10 |
---------------+-------------------------------+-----
Dodging        | 1 2 3 4 5 6 7 |  7.9
Shields        | 4 5 6 7 8 9 |  9.5
Fighting       | 4 5 6 7 8 9 |  9.6
Armour         | 4 5 6 7 8 9 |  9.5
Axes           | 3 4 5 6 8 9 |  9.2
Invocations    | 2 |  2.4

Action                   |  1- 3 |  4- 6 |  7- 9 | 10-12 || total
-------------------------+-------+-------+-------+-------++-------
Melee: War axe           |    69 |    89 |   244 |    86 ||   488
       Headbutt          |     9 |    17 |    45 |    19 ||    90
       Hand axe          |       |       |    35 |       ||    35
       Unarmed           |       |       |    17 |       ||    17
Invok: Heroism           |       |       |     6 |     3 ||     9
Evoke: Wand              |       |       |    10 |       ||    10
       Condenser vane    |       |       |       |     1 ||     1
  Use: Scroll            |     2 |     7 |     6 |     7 ||    22
       Potion            |       |     1 |     3 |     4 ||     8
 Stab: Invisible         |       |       |       |     5 ||     5
Armor: Scale mail        |    39 |    62 |   116 |     1 ||   218
       Skin              |       |       |     9 |     2 ||    11
       Plate armour      |       |       |       |    43 ||    43
Dodge: Dodged            |    44 |    43 |   110 |    59 ||   256
Block: Buckler           |    20 |     6 |       |       ||    26
       Kite shield       |       |    63 |   316 |    97 ||   476
       Reflection        |       |     1 |       |     6 ||     7
